 Dungeon Crawl Stone Soup version 0.29.1-12-g30fa7ad0bf (webtiles) character file.

Game seed: 15650862621218720866

50 devnull the Chopper (level 3, 0/31 HPs)
             Began as a Ghoul Gladiator on Dec 19, 2022.
             Splashed by a jelly's acid (9 damage)
             ... on level 2 of the Dungeon.
             The game lasted 00:02:47 (902 turns).

devnull the Chopper (Ghoul Gladiator)                Turns: 902, Time: 00:02:50

Health: 0/31       AC: -2    Str: 19    XL:     3   Next: 79%
Magic:  2/2        EV:  7    Int:  3    God:
Gold:   24         SH:  0    Dex: 10    Spells: 2/2 levels left

rFire   . . .      SeeInvis .   a - +0 war axe
rCold   + . .      Faith    .   (no shield)
rNeg    + + +      Spirit   .   k - +0 chain mail
rPois   ∞          Reflect  .   c - +0 helmet
rElec   .          Harm     .   n - +0 cloak
rCorr   .          Rampage  .   (no gloves)
Will    .....                   (no boots)
Stlth   ..........              (no amulet)
HPRegen 0.00/turn               (no ring)
MPRegen 0.08/turn               (no ring)

@: corroded, inhibited regen
A: claws 1, cold resistance 1, negative energy resistance 3, inhibited
regeneration, torment resistance 2, devour on kill
a: no special abilities


You were on level 2 of the Dungeon.
You visited 1 branch of the dungeon, and saw 2 of its levels.

You collected 24 gold pieces.

Inventory:

Hand Weapons
 a - a +0 war axe (weapon)
Missiles
 d - 3 throwing nets (quivered)
 e - a javelin
Armour
 b - a +0 leather armour
 c - a +0 helmet (worn)
 k - a +0 chain mail (worn)
 n - a +0 cloak (worn)
Scrolls
 i - a scroll of fog {unknown}
 j - a scroll of acquirement {unknown}
 l - 2 scrolls of blinking {unknown}
 p - a scroll of enchant weapon {unknown}
Potions
 f - a potion of brilliance {unknown}
 g - a potion of magic {unknown}
 h - a potion of mutation {unknown}
 m - a potion of ambrosia {unknown}
 o - a potion of curing {unknown}


   Skills:
 + Level 3.4 Fighting
 + Level 3.5 Axes
 - Level 1.7 Throwing
 - Level 2.6 Dodging


You had 2 spell levels left.
You didn't know any spells.
Your spell library was empty.

Dungeon Overview and Level Annotations

Branches:
Dungeon (2/15)

Altars:


Innate Abilities, Weirdness & Mutations

You are immune to poison.
You have sharp fingernails.
Your flesh is cold resistant. (rC+)
You are immune to negative energy. (rN+++)
You do not regenerate when monsters are visible.
You are immune to unholy pain and torment.
You thrive by killing the living.


Message History

You slash the rat!
You kill the rat!
The jackal barely misses you.
The jackal bites you but does no damage.
Unknown command.
You slash the jackal!
You kill the jackal!
You hit the jackal but do no damage. The jackal barely misses you. x2
You barely miss the rat. You hit the jackal.
You kill the jackal!
The rat bites you but does no damage.
Unknown command.
You hit the jelly.
Your claws burn!
The jelly is moderately wounded.
You hit the rat.
You kill the rat!
You feel better. The jelly hits you but does no damage.
Unknown command.
You hit the jelly but do no damage.
Your claws burn!
The jelly is moderately wounded.
The jelly hits you but does no damage. The jelly hits you.
The acid corrodes you!
You are splashed with acid!
The endoplasm closely misses you.
You are too injured to fight recklessly!
Unknown command.
You are too injured to fight recklessly!
There is a stone staircase leading down here.
The jelly hits you but does no damage.
The endoplasm hits you but does no damage.
You climb downwards.
Found 12 gold pieces, a sapphire potion and a scroll labelled BEUNNU SA XUYSKA.
There is a stone staircase leading up here.
You slash the jelly! The acid corrodes you!
Your claws burn!
The jelly is almost dead.
You barely miss the endoplasm.
The endoplasm hits you but does no damage.
The jelly hits you.
* * * LOW HITPOINT WARNING * * *
The acid corrodes you!
You are splashed with acid!
You die...

# ## ### ?# #.#
#w# #.#
........!
#.#.#.#.#$#.#.#
......b.J......
#@#
.......J.......
#.#.#.#.#.#.#.#
...##### ...
#.... .... ....


You could see a worm, a jelly, an endoplasm and a bat.

Vanquished Creatures
  A gnoll (D:1)
  2 dart slugs (D:1)
  5 ball pythons (D:1)
  3 bats (D:1)
  2 endoplasms (D:1)
  5 giant cockroaches (D:1)
  2 goblins (D:1)
  3 hobgoblins (D:1)
  2 jackals (D:1)
  A kobold (D:1)
  A frilled lizard (D:1)
  7 rats (D:1)
34 creatures vanquished.

Notes
Turn   | Place    | Note
-------+----------+-------------------------------------------
     0 | D:1      | devnull the Ghoul Gladiator began the quest for the Orb.
     0 | D:1      | Reached XP level 1. HP: 17/17 MP: 0/0
     0 | D:1      | Noticed a jelly
     3 | D:1      | Found a runed translucent door.
    40 | D:1      | Reached XP level 2. HP: 12/25 MP: 1/1
   566 | D:1      | Reached XP level 3. HP: 31/31 MP: 2/2
   902 | D:2      | Splashed by a jelly's acid

Illustrated notes

Levels and vault maps discovered:
D:1:      dpeg_arrival_caged_fury, layout_rooms, hangedman_decor_diamond_cutter
D:2:      layout_loops_corners, chequers_decorated_corner, st_stairs_12,
          uniq_sigmund

Skill      XL: |  1  2 |
---------------+-------+-----
Axes           | 3 |  3.5
Fighting       | 3 |  3.4
Throwing       | |  1.7
Dodging        | |  2.6

Action                   || total
-------------------------++-------
Melee: War axe           ||    74
Armor: Chain mail        ||    50
       Leather armour    ||     5
Dodge: Dodged            ||    45
